AA
WINNIPEG GOLDEYES @ CLEBURNE RAILROADERS
07/10/2072
 
TOP OF THE 1ST
Sioux Falls Canaries batting - Pitching for Winnipeg Goldeyes : RHP Travis Banwart
Pitching: RHP Travis Banwart
Batting: RHB Chris Parker 0-0: Called Strike
0-1: Swinging Strike
0-2: Strikes out swinging
Batting: RHB Antonio Santiago 0-0: Hit by Pitch
Batting: LHB Manny Munoz 0-0: Foul Ball, location: 2F
0-1: Swinging Strike
0-2: Ball
1-2: Grounds into double play, 4-6-3 (Groundball, 4, EV 100.6 MPH)
Top of the 1st over - 0 runs, 0 hits, 0 errors, 0 left on base; Sioux Falls 0 - Winnipeg 0
BOTTOM OF THE 1ST
Winnipeg Goldeyes batting - Pitching for Sioux Falls Canaries : RHP Edwin Casillas
Pitching: RHP Edwin Casillas
Batting: RHB Deane Moore 0-0: Ground out 5-3 (Groundball, 5S, EV 85.6 MPH)
Batting: RHB Alfonso de la Rosa 0-0: Ball
1-0: Ball
2-0: Foul Ball, location: 2F
2-1: Swinging Strike
2-2: Fly out, F9 (Flyball, 9S, EV 90.6 MPH)
Batting: LHB Edwin Chavez 0-0: Ball
1-0: Foul Ball, location: 2F
1-1: Ball
2-1: Ground out U3 (Groundball, 34S, EV 63.1 MPH)
Bottom of the 1st over - 0 runs, 0 hits, 0 errors, 0 left on base; Sioux Falls 0 - Winnipeg 0
TOP OF THE 2ND
Sioux Falls Canaries batting - Pitching for Winnipeg Goldeyes : RHP Travis Banwart
Batting: LHB Julio Trujillo 0-0: Ball
1-0: Swinging Strike
1-1: Ball
2-1: Foul Ball, location: 2F
2-2: Ball
3-2: Fly out, F8 (Flyball, 8RM, EV 88.8 MPH)
Batting: RHB Danny Lee 0-0: Ball
1-0: DOUBLE (Line Drive, 89XD, EV 108.8 MPH)
Batting: LHB Mike Norris 0-0: Ball
1-0: Foul Ball, location: 2F
1-1: Ball
2-1: Foul Ball, location: 2F
2-2: Ball
3-2: Fly out, F7 (Flyball, 7S, EV 83.8 MPH)
Batting: RHB Enrique Castro 0-0: Ball
1-0: Swinging Strike
1-1: Ball
2-1: Ground out U3 (Groundball, 34, EV 77.5 MPH)
Top of the 2nd over - 0 runs, 1 hit, 0 errors, 1 left on base; Sioux Falls 0 - Winnipeg 0
BOTTOM OF THE 2ND
Winnipeg Goldeyes batting - Pitching for Sioux Falls Canaries : RHP Edwin Casillas
Batting: RHB Gene Gorham 0-0: Called Strike
0-1: Ball
1-1: Foul Ball, location: 2F
1-2: Ball
2-2: Ball
3-2: SINGLE (Line Drive, 9S, EV 96.9 MPH)
Batting: LHB Josh Rush 0-0: Ball
1-0: Called Strike
1-1: Called Strike
1-2: Ball
2-2: Strikes out swinging
Batting: RHB Andy Wardle Pickoff Throw to First - Out! 1-3
0-0: Foul Ball, location: 2F
0-1: Swinging Strike
0-2: Ball
1-2: Foul Ball, location: 2F
1-2: Strikes out swinging
Bottom of the 2nd over - 0 runs, 1 hit, 0 errors, 0 left on base; Sioux Falls 0 - Winnipeg 0
TOP OF THE 3RD
Sioux Falls Canaries batting - Pitching for Winnipeg Goldeyes : RHP Travis Banwart
Batting: RHB Sean Stewart 0-0: Foul Ball, location: 2F
0-1: Ball
1-1: Called Strike
1-2: Ball
2-2: Ball
3-2: Foul Ball, location: 2F
3-2: Base on Balls
Batting: SHB Bobby Ozuna 0-0: Swinging Strike
0-1: Foul Ball, location: 2F
0-2: Ball
1-2: Strikes out swinging
Batting: RHB Chris Parker 0-0: Foul Ball, location: 2F
0-1: Fly out, F4 (Popup, 4MS, EV 77.5 MPH)
Batting: RHB Antonio Santiago 0-0: Called Strike
0-1: 2-RUN HOME RUN (Flyball, 78XD, EV 100.0 MPH), Distance : 420 ft
Batting: LHB Manny Munoz 0-0: Ball
1-0: Called Strike
1-1: Foul Ball, location: 2F
1-2: Ball
2-2: Foul Ball, location: 2F
2-2: Foul Ball, location: 2F
2-2: Ground out 5-3 (Groundball, 56, EV 106.2 MPH)
Top of the 3rd over - 2 runs, 1 hit, 0 errors, 0 left on base; Sioux Falls 2 - Winnipeg 0
BOTTOM OF THE 3RD
Winnipeg Goldeyes batting - Pitching for Sioux Falls Canaries : RHP Edwin Casillas
Batting: SHB Norman Moffatt 0-0: Ground out U3 (Groundball, 3, EV 88.1 MPH)
Batting: RHB T.J. Holtman 0-0: Ground out 3-1 (Groundball, 34, EV 79.4 MPH)
Batting: RHB Jesus Salcedo 0-0: Called Strike
0-1: Ball
1-1: Ball
2-1: Swinging Strike
2-2: Ball
3-2: Foul Ball, location: 2F
3-2: Strikes out looking
Bottom of the 3rd over - 0 runs, 0 hits, 0 errors, 0 left on base; Sioux Falls 2 - Winnipeg 0
TOP OF THE 4TH
Sioux Falls Canaries batting - Pitching for Winnipeg Goldeyes : RHP Travis Banwart
Batting: LHB Julio Trujillo 0-0: Called Strike
0-1: Ball
1-1: SINGLE (Flyball, 8LS, EV 86.2 MPH)
Batting: RHB Danny Lee 0-0: SINGLE (Line Drive, 8LS, EV 90.0 MPH)
Julio Trujillo to second
Runner from 2nd tries for 3rd, SAFE, throw by CF made to third
Batting: LHB Mike Norris 0-0: Ball
1-0: Ball
2-0: DOUBLE (Flyball, 8RXD, EV 102.5 MPH)
Julio Trujillo scores
Danny Lee to third
Batting: RHB Enrique Castro 0-0: Ball
1-0: Ground out 6-3 (Groundball, 6, EV 82.5 MPH)
Danny Lee scores
Batting: RHB Sean Stewart 0-0: Ball
1-0: Ball
2-0: TRIPLE (Line Drive, 89XD, EV 101.9 MPH)
Mike Norris scores
Batting: SHB Bobby Ozuna 0-0: Ball
1-0: Called Strike
1-1: Foul Ball, location: 2F
1-2: Foul Ball, location: 2F
1-2: Foul Ball, location: 2F
1-2: Foul Ball, location: 2F
1-2: Ball
Wild Pitch!
Sean Stewart scores
2-2: Fly out, F9 (Flyball, 89M, EV 83.1 MPH)
Batting: RHB Chris Parker 0-0: Called Strike
0-1: Called Strike
0-2: Strikes out swinging
Top of the 4th over - 4 runs, 4 hits, 0 errors, 0 left on base; Sioux Falls 6 - Winnipeg 0
BOTTOM OF THE 4TH
Winnipeg Goldeyes batting - Pitching for Sioux Falls Canaries : RHP Edwin Casillas
Batting: RHB Deane Moore 0-0: Ball
1-0: Ball
2-0: Foul Ball, location: 2F
2-1: DOUBLE (Line Drive, 3D, EV 102.5 MPH)
Batting: RHB Alfonso de la Rosa 0-0: Ball
1-0: Fly out, F8 (Flyball, 8RM, EV 83.8 MPH)
Batting: LHB Edwin Chavez 0-0: Hit by Pitch
Batting: RHB Gene Gorham 0-0: Ball
1-0: Ball
2-0: Foul Ball, location: 2F
2-1: Ball
3-1: Base on Balls
Deane Moore to third
Edwin Chavez to second
Batting: LHB Josh Rush 0-0: Swinging Strike
0-1: Foul Ball, location: 2F
0-2: Strikes out swinging
Batting: RHB Andy Wardle 0-0: Swinging Strike
0-1: Ball
1-1: Called Strike
1-2: Foul Ball, location: 2F
1-2: Foul Ball, location: 2F
1-2: Ball
2-2: Ball
3-2: Foul Ball, location: 2F
3-2: Fly out, F3 (Flyball, 3D, EV 88.8 MPH)
Bottom of the 4th over - 0 runs, 1 hit, 0 errors, 3 left on base; Sioux Falls 6 - Winnipeg 0
TOP OF THE 5TH
Sioux Falls Canaries batting - Pitching for Winnipeg Goldeyes : RHP Travis Banwart
Batting: RHB Antonio Santiago 0-0: Ball
1-0: Foul Ball, location: 2F
1-1: Fly out, F2 (Popup, 23F, EV 88.1 MPH)
Batting: LHB Manny Munoz 0-0: Foul Ball, location: 2F
0-1: Ball
1-1: SOLO HOME RUN (Flyball, 89XD, EV 91.9 MPH), Distance : 409 ft
Pitching: RHP Joseph Broderick
Batting: LHB Julio Trujillo 0-0: Fly out, F9 (Line Drive, 9, EV 92.5 MPH)
Batting: RHB Danny Lee 0-0: Called Strike
0-1: Foul Ball, location: 2F
0-2: Ball
1-2: Strikes out looking
Top of the 5th over - 1 run, 1 hit, 0 errors, 0 left on base; Sioux Falls 7 - Winnipeg 0
BOTTOM OF THE 5TH
Winnipeg Goldeyes batting - Pitching for Sioux Falls Canaries : RHP Edwin Casillas
Batting: SHB Norman Moffatt 0-0: Ball
1-0: Foul Ball, location: 2F
1-1: Fly out, F7 (Flyball, 7, EV 79.4 MPH)
Batting: RHB T.J. Holtman 0-0: Ball
1-0: Swinging Strike
1-1: Called Strike
1-2: TRIPLE (Line Drive, 9D, EV 108.8 MPH)
Batting: RHB Jesus Salcedo 0-0: SINGLE (Groundball, 4MD, EV 99.4 MPH)
T.J. Holtman scores
Batting: RHB Deane Moore 0-0: Ball
1-0: Called Strike
1-1: Fielders Choice at 2nd, 1-6 (Groundball, 13S, EV 71.9 MPH)
Batting: RHB Alfonso de la Rosa 0-0: Ball
1-0: Hit by Pitch
Deane Moore to second
Batting: LHB Edwin Chavez 0-0: Ball
1-0: Ball
2-0: Ball
3-0: Called Strike
3-1: SINGLE (Flyball, 5D, EV 87.5 MPH)
Deane Moore to third
Alfonso de la Rosa to second
Runner from 3rd tries for Home, SAFE, throw by LF to home
Batting: RHB Gene Gorham 0-0: Ball
1-0: Foul Ball, location: 2F
1-1: Foul Ball, location: 2F
1-2: Fly out, F3 (Popup, 3SF, EV 78.8 MPH)
Bottom of the 5th over - 2 runs, 3 hits, 0 errors, 2 left on base; Sioux Falls 7 - Winnipeg 2
TOP OF THE 6TH
Sioux Falls Canaries batting - Pitching for Winnipeg Goldeyes : RHP Joseph Broderick
Batting: LHB Mike Norris 0-0: Ball
1-0: Ball
2-0: Called Strike
2-1: Fly out, F7 (Line Drive, 7, EV 86.9 MPH)
Batting: RHB Enrique Castro 0-0: Called Strike
0-1: Swinging Strike
0-2: Ball
1-2: DOUBLE (Line Drive, 8RXD, EV 107.5 MPH)
Batting: RHB Sean Stewart 0-0: Ball
1-0: Called Strike
1-1: SINGLE (Flyball, 4D, EV 90.6 MPH)
Enrique Castro to third
Batting: SHB Bobby Ozuna 0-0: Ball
1-0: Ball
2-0: Foul Ball, location: 2F
2-1: Swinging Strike
2-2: Strikes out swinging
Batting: RHB Chris Parker 0-0: Ball
1-0: Called Strike
1-1: Ball
2-1: SINGLE (Line Drive, 78S, EV 107.5 MPH)
Enrique Castro scores
Sean Stewart to second
Batting: RHB Antonio Santiago 0-0: Called Strike
0-1: Foul Ball, location: 2F
0-2: Foul Ball, location: 2F
0-2: SINGLE (Line Drive, 56, EV 97.5 MPH)
Sean Stewart to third
Chris Parker to second
Batting: LHB Manny Munoz 0-0: Ball
1-0: Fly out, F8 (Line Drive, 8RM, EV 109.4 MPH)
Top of the 6th over - 1 run, 4 hits, 0 errors, 3 left on base; Sioux Falls 8 - Winnipeg 2
BOTTOM OF THE 6TH
Winnipeg Goldeyes batting - Pitching for Sioux Falls Canaries : RHP Edwin Casillas
Batting: LHB Josh Rush 0-0: Ball
1-0: Called Strike
1-1: Called Strike
1-2: Strikes out swinging
Batting: RHB Andy Wardle 0-0: Called Strike
0-1: DOUBLE (Line Drive, 7LD, EV 102.5 MPH)
Pitching: RHP Larry Adkins
Pinch Runner at 2nd Eric Emerson:
Batting: SHB Norman Moffatt 0-0: Ball
1-0: Ball
2-0: Ball
3-0: Called Strike
3-1: Base on Balls
Batting: RHB T.J. Holtman 0-0: Ball
1-0: Ball
2-0: SINGLE (Groundball, 56D, EV 110.6 MPH)
Eric Emerson to third
Norman Moffatt to second
Runner from 3rd tries for Home, SAFE, throw by LF to home
Batting: RHB Jesus Salcedo 0-0: Fly out, F9 (Flyball, 9, EV 92.5 MPH)
Batting: RHB Deane Moore 0-0: Ground out 1-3 (Groundball, 13, EV 63.8 MPH)
Bottom of the 6th over - 1 run, 2 hits, 0 errors, 2 left on base; Sioux Falls 8 - Winnipeg 3
TOP OF THE 7TH
Sioux Falls Canaries batting - Pitching for Winnipeg Goldeyes : RHP Joseph Broderick
Now at SS: Eric Emerson
Batting: LHB Julio Trujillo 0-0: Ball
1-0: Ball
2-0: Ball
3-0: Called Strike
3-1: Swinging Strike
3-2: Ground out 4-3 (Groundball, 4, EV 85.6 MPH)
Pitching: LHP Jose Jose
Batting: RHB Danny Lee 0-0: Ball
1-0: Ball
2-0: Ball
3-0: Base on Balls
Batting: LHB Mike Norris 0-0: Called Strike
0-1: DOUBLE (Line Drive, 78D, EV 98.8 MPH)
Danny Lee to third
Batting: RHB Enrique Castro 0-0: Fly out, F8 (Flyball, 8LM, EV 92.5 MPH)
Runner from 3rd tags up, SCORES, throw by CF
Batting: RHB Sean Stewart 0-0: Ball
1-0: Ball
2-0: Ball
3-0: Called Strike
3-1: Foul Ball, location: 2F
3-2: Foul Ball, location: 2F
3-2: Base on Balls
Batting: SHB Bobby Ozuna 0-0: Ball
1-0: Foul Ball, location: 2F
1-1: Ball
2-1: Swinging Strike
2-2: Fly out, F9 (Flyball, 9LM, EV 106.9 MPH)
Top of the 7th over - 1 run, 1 hit, 0 errors, 2 left on base; Sioux Falls 9 - Winnipeg 3
BOTTOM OF THE 7TH
Winnipeg Goldeyes batting - Pitching for Sioux Falls Canaries : RHP Larry Adkins
Batting: RHB Alfonso de la Rosa 0-0: Ball
1-0: Ball
2-0: Ball
3-0: Base on Balls
Batting: LHB Edwin Chavez Pickoff Throw to First - Out! 1-3
0-0: Called Strike
0-1: Called Strike
0-2: Foul Ball, location: 2F
0-2: Ball
1-2: Foul Ball, location: 2F
1-2: Foul Ball, location: 2F
1-2: Ball
2-2: Ball
3-2: Fly out, F8 (Flyball, 8LM, EV 85.0 MPH)
Batting: RHB Gene Gorham 0-0: Called Strike
0-1: Called Strike
0-2: Fly out, F8 (Line Drive, 8RM, EV 88.8 MPH)
Bottom of the 7th over - 0 runs, 0 hits, 0 errors, 0 left on base; Sioux Falls 9 - Winnipeg 3
TOP OF THE 8TH
Sioux Falls Canaries batting - Pitching for Winnipeg Goldeyes : LHP Jose Jose
Batting: RHB Chris Parker 0-0: Called Strike
0-1: SINGLE (Groundball, 56D, EV 102.5 MPH)
Batting: RHB Antonio Santiago 0-0: Grounds into double play, 5-4-3 (Groundball, 56S, EV 85.6 MPH)
Batting: LHB Manny Munoz 0-0: Called Strike
0-1: Ball
1-1: Ball
2-1: Foul Ball, location: 2F
2-2: Strikes out swinging
Top of the 8th over - 0 runs, 1 hit, 0 errors, 0 left on base; Sioux Falls 9 - Winnipeg 3
BOTTOM OF THE 8TH
Winnipeg Goldeyes batting - Pitching for Sioux Falls Canaries : RHP Larry Adkins
Batting: LHB Josh Rush 0-0: Ball
1-0: Ball
2-0: Ball
3-0: Called Strike
3-1: Swinging Strike
3-2: Foul Ball, location: 2F
3-2: Base on Balls
Pitching: RHP Fabian Kabara
Batting: LHB Eric Emerson 0-0: Foul Ball, location: 2F
0-1: Grounds into double play, 4-6-3 (Groundball, 4S, EV 85.6 MPH)
Batting: SHB Norman Moffatt 0-0: Foul Ball, location: 2F
0-1: Called Strike
0-2: Ground out 4-3 (Groundball, 4, EV 88.1 MPH)
Bottom of the 8th over - 0 runs, 0 hits, 0 errors, 0 left on base; Sioux Falls 9 - Winnipeg 3
TOP OF THE 9TH
Sioux Falls Canaries batting - Pitching for Winnipeg Goldeyes : LHP Jose Jose
Batting: LHB Julio Trujillo 0-0: SINGLE (Groundball, 4MD, EV 101.9 MPH)
Batting: RHB Danny Lee 0-0: Called Strike
0-1: Foul Ball, location: 2F
0-2: Ball
1-2: Foul Ball, location: 2F
1-2: Foul Ball, location: 2F
1-2: Ball
2-2: Foul Ball, location: 2F
2-2: Fly out, F8 (Flyball, 8LD, EV 88.8 MPH)
Batting: LHB Mike Norris 0-0: Called Strike
Julio Trujillo steals 2nd base
0-1: Ball
1-1: SINGLE (Groundball, 56D, EV 103.1 MPH)
Julio Trujillo to third
Runner from 3rd tries for Home, SAFE, throw by LF to home
Batting: RHB Enrique Castro 0-0: Ground out 6-3 (Groundball, 6, EV 90.6 MPH)
Mike Norris to second
Batting: RHB Sean Stewart 0-0: Fly out, F6 (Popup, 6MD, EV 68.1 MPH)
Top of the 9th over - 1 run, 2 hits, 0 errors, 1 left on base; Sioux Falls 10 - Winnipeg 3
BOTTOM OF THE 9TH
Winnipeg Goldeyes batting - Pitching for Sioux Falls Canaries : RHP Fabian Kabara
Batting: RHB T.J. Holtman 0-0: Fly out, F5 (Flyball, 56D, EV 85.0 MPH)
Batting: RHB Jesus Salcedo 0-0: Swinging Strike
0-1: Called Strike
0-2: Ball
1-2: Ball
2-2: Foul Ball, location: 2F
2-2: SINGLE (Groundball, 4MD, EV 95.0 MPH)
Batting: RHB Deane Moore 0-0: Called Strike
0-1: Grounds into double play, 5-4-3 (Groundball, 56, EV 84.4 MPH)
Bottom of the 9th over - 0 runs, 1 hit, 0 errors, 0 left on base; Sioux Falls 10 - Winnipeg 3
Wednesday, October 27th , 2021 - OOTP Baseball 22.10 Build 79